 Dungeon Crawl Stone Soup version 0.30.0-5-g1a98f26d00 (webtiles) character file.

Game seed: 5587379424677630746

73 SnakkuSnakku7 the Trooper (level 4, 0/28 HPs)
             Began as a Deep Elf Transmuter on May 11, 2023.
             Succumbed to an adder's poison
             ... on level 2 of the Dungeon.
             The game lasted 00:02:09 (1308 turns).

SnakkuSnakku7 the Trooper (Deep Elf Transmuter)     Turns: 1308, Time: 00:02:10

Health: 0/28       AC:  3    Str:  7    XL:     4   Next: 8%
Magic:  10/10      EV: 13    Int: 18    God:
Gold:   86         SH:  0    Dex: 17    Spells: 8/9 levels left

rFire   . . .        g - +1 spear (vamp)
rCold   . . .        (no shield)
rNeg    . . .        a - +0 robe
rPois   .            (no helmet)
rElec   .            (no cloak)
rCorr   .            (no gloves)
SInv    .            k - +0 pair of boots
Will    .....        (no amulet)
Stlth   ++           (no ring)
HPRegen 0.24/turn    (no ring)
MPRegen 0.12/turn

%: no passive effects
@: lethally poisoned (0 -> -4), flying
A: no striking features
a: no special abilities


You were on level 2 of the Dungeon.
You visited 1 branch of the dungeon, and saw 2 of its levels.

You collected 86 gold pieces.

Inventory:

Hand Weapons
 e - a +0 short sword
 g - a +1 vampiric spear (weapon)
Armour
 a - a +0 robe (worn)
 k - a +0 pair of boots (worn)
Scrolls
 d - 2 scrolls of teleportation {unknown}
 i - a scroll of vulnerability {unknown}
 j - a scroll of fear {unknown}
Potions
 b - a potion of lignification
 f - a potion of resistance {unknown}
 h - a potion of curing {unknown}


   Skills:
 + Level 3.3 Fighting
 - Level 2.4 Dodging
 - Level 2.4 Unarmed Combat
 - Level 3.0 Spellcasting
 - Level 2.1 Transmutations


You had 8 spell levels left.
You knew the following spells:

 Your Spells              Type           Power      Damage    Failure   Level
a - Beastly Appendage     Tmut           20%        N/A       7%          1

Your spell library contained the following spells:

 Spells                   Type           Power      Damage    Failure   Level
 Wereblood                Tmut           10%        N/A       10%         2
 Spider Form              Tmut/Pois      6%         N/A       30%         3
 Call Canine Familiar     Summ           2%         N/A       43%         3
 Portal Projectile        Hex/Tloc       4%         N/A       43%         3
 Ice Form                 Ice/Tmut       6%         N/A       71%         4
 Leda's Liquefaction      Hex/Erth       1%         N/A       85%         4


Dungeon Overview and Level Annotations

Branches:
Dungeon (2/15)

Altars:


Message History

You hit the adder.
The adder is moderately wounded.
The adder bites you.
You are poisoned.
The adder poisons you! The adder bites you.
You barely miss the adder.
The adder is moderately wounded.
You feel sick. The adder bites you.
You are more poisoned.
The adder poisons you!
You hit the adder.
You feel better.
The adder is severely wounded.
You feel sick. The adder bites you.
You are more poisoned.
The adder poisons you! The adder bites you.
You are lethally poisoned!
The adder poisons you!
You barely miss the adder.
The adder is severely wounded.
You feel very sick. The adder misses you.
You closely miss the adder.
The adder is severely wounded.
You feel very sick. The adder bites you but does no damage.
You closely miss the adder.
The adder is severely wounded.
* * * LOW HITPOINT WARNING * * *
You feel very sick. The adder barely misses you. The adder bites you.
* * * LOW HITPOINT WARNING * * *
You closely miss the adder.
The adder is severely wounded.
* * * LOW HITPOINT WARNING * * *
You feel sick. The adder misses you.
Unknown command.
It was a potion of flight.
You feel very buoyant.
You fly up into the air.
You die...

#.......#.#
####..#.#+#
#.....#... #
#.....# ...#
#...###....#
#...'......#
#...##.#...#
#...+ # #
#.@.# #.S.#
#...# #...#
#...# #...#
#####


You could see an adder.

Vanquished Creatures
  An orc wizard (D:2)
  A worm (D:2)
  3 dart slugs
  2 orcs (D:2)
  4 ball pythons
  3 endoplasms
  A giant cockroach (D:1)
  4 hobgoblins (D:1)
  4 kobolds
  A quokka (D:1)
  3 bats (D:1)
  A frilled lizard (D:1)
  2 goblins (D:1)
  6 rats
36 creatures vanquished.

Notes
Turn   | Place    | Note
-------+----------+-------------------------------------------
     0 | D:1      | SnakkuSnakku7 the Deep Elf Transmuter began the quest for
                  | the Orb.
     0 | D:1      | Reached XP level 1. HP: 11/11 MP: 6/6
    36 | D:1      | Reached skill level 1 in Fighting
   127 | D:1      | Reached XP level 2. HP: 15/17 MP: 8/8
   701 | D:1      | Reached XP level 3. HP: 18/22 MP: 7/9
  1232 | D:2      | HP: 1/22 [orc wizard/puff of flame (9)]
  1235 | D:2      | Reached XP level 4. HP: 28/28 MP: 10/10
  1307 | D:2      | HP: 1/28 [poisoned by an adder]
  1308 | D:2      | Succumbed to an adder's poison

Illustrated notes

Levels and vault maps discovered:
D:1:      dpeg_arrival_line_fractal, layout_basic, minmay_pentomino_s4
D:2:      layout_basic

Skill      XL: |  1  2  3 |
---------------+----------+-----
Fighting       | 1 2 3 |  3.3
Dodging        | |  2.4
Unarmed Combat | |  2.4
Spellcasting   | |  3.0
Transmutations | |  2.1

Action                     |  1- 3 |  4- 6 || total
---------------------------+-------+-------++-------
  Melee: Short sword       |   129 |    15 ||   144
         Unarmed           |     9 |       ||     9
         Kick              |    14 |     6 ||    20
         Headbutt          |     7 |     4 ||    11
         Punch             |     1 |       ||     1
         Spear             |       |     7 ||     7
   Cast: Beastly Appendage |     8 |     1 ||     9
    Use: Potion            |     3 |     1 ||     4
   Stab: Sleeping          |     3 |       ||     3
 Armour: Robe              |    23 |     3 ||    26
  Dodge: Dodged            |    84 |    11 ||    95
